 Dungeon Crawl Stone Soup version 0.28.0-45-g0d030f2227 (webtiles) character file.

Game seed: 5514872568480157763

553 protoss039 the Magician (level 7, -11/40 HPs)
             Began as a Deep Elf Fire Elementalist on Apr 5, 2022.
             Was a Follower of Sif Muna.
             Killed by divine providence
             ... invoked by an orc priest
              (15 damage)
             ... on level 4 of the Dungeon.
             The game lasted 00:04:15 (4949 turns).

protoss039 the Magician (DEFE)                      Turns: 4949, Time: 00:04:16

Health: -11/40     AC:  2    Str:  5    XL:     7   Next: 8%
Magic:  2/18       EV: 13    Int: 22    God:    Sif Muna [*.....]
Gold:   114        SH:  5    Dex: 15    Spells: 9/18 levels left

rFire   . . .      SeeInvis .   l - +0 dagger (speed)
rCold   . . .      Faith    .   (no shield)
rNeg    . . .      Spirit   .   a - +0 robe
rPois   .          Reflect  +   (no helmet)
rElec   .          Harm     .   (no cloak)
rCorr   .          Rampage  .   (no gloves)
Will    .....                   (no boots)
Stlth   ++........              f - amulet of reflection
HPRegen 0.13/turn               (no ring)
MPRegen 0.16/turn               (no ring)

@: no status effects
A: no striking features
a: Renounce Religion, Channel Magic


You were on level 4 of the Dungeon.
You worshipped Sif Muna.
Sif Muna was aware of your devotion.
You visited 1 branch of the dungeon, and saw 4 of its levels.

You collected 114 gold pieces.

Inventory:

Hand Weapons
 l - a +0 dagger of speed (weapon)
Armour
 a - a +0 robe (worn)
Jewellery
 f - an amulet of reflection (around neck)
Wands
 b - a wand of iceblast (8)
Scrolls
 e - a scroll of fog {unknown}
 g - 4 scrolls of identify {unknown}
 h - 2 scrolls of noise {unknown}
 i - 2 scrolls of acquirement {unknown}
 j - a scroll of enchant weapon {unknown}
 n - 4 scrolls of teleportation {unknown}
 p - a scroll of magic mapping {unknown}
 q - a scroll of silence {unknown}
 r - a scroll of vulnerability {unknown}
Potions
 c - a potion of might {unknown}
 d - 3 potions of invisibility {unknown}
 k - a potion of mutation {unknown}
 m - a potion of resistance {unknown}
 o - a potion of curing


   Skills:
 * Level 2.0 Fighting
 - Level 3.0 Dodging
 - Level 3.0 Stealth
 + Level 6.3 Spellcasting
 + Level 2.1 Conjurations
 + Level 5.3 Fire Magic
 * Level 2.6 Invocations


You had 9 spell levels left.
You knew the following spells:

 Your Spells              Type           Power      Damage    Failure   Level
a - Foxfire               Conj/Fire      92%        2x1d8     1%          1
b - Scorch                Fire           60%        2d8       1%          2
c - Conjure Flame         Conj/Fire      23%        6-21      5%          3
d - Inner Flame           Hex/Fire       18%        N/A       9%          3

Your spell library contained the following spells:

 Spells                   Type           Power      Damage    Failure   Level
 Flame Wave               Conj/Fire      23%        2d7       19%         4


Dungeon Overview and Level Annotations

Branches:
Dungeon (4/15)             Temple (0/1) D:4

Altars:
Elyvilon
Makhleb
Sif Muna

Annotations:
D:4 2 transporters


Message History

The kobold closely misses you.
An orc priest comes into view. It is wielding a +0 dagger.
The centaur skeleton hits you. The centaur skeleton kicks you.
Casting: Scorch (safe; 1% risk of failure)
Confirm with . or Enter, or press ? or * to list all spells.
Flames lash the centaur skeleton.
The centaur skeleton is burned terribly!
The centaur skeleton is severely damaged.
The orc priest shouts!
The orc priest looks satisfied for a moment.
The kobold closely misses you. The centaur skeleton barely misses you.
The centaur skeleton kicks you but does no damage.
An orc comes into view. It is wielding a +0 club.
Casting: Scorch (safe; 1% risk of failure)
Confirm with . or Enter, or press ? or * to list all spells.
Flames lash the orc priest.
The orc priest is almost dead.
The orc priest's fire resistance burns away.
The kobold hits you with a +0 short sword.
The orc priest calls upon Beogh to heal the orc priest.
The orc priest's wounds heal themselves!
Unknown command.
Casting: Scorch (safe; 1% risk of failure)
Confirm with . or Enter, or press ? or * to list all spells.
Flames lash the adder.
The adder is severely wounded.
The adder's fire resistance burns away.
The orc priest is no longer more vulnerable to fire.
The orc priest calls down the wrath of Beogh upon you.
Beogh smites you!
The kobold hits you with a +0 short sword.
The orc priest calls down the wrath of Beogh upon you.
Beogh smites you!
* * * LOW HITPOINT WARNING * * *
Unknown command.
Unknown command.
Unknown command.
The orc priest calls down the wrath of Beogh upon you.
Beogh smites you!
You die...

####.........####...#†##
...+.........+.........#
####.........####...#.##
# ##.......## ##.##.#
#.....# ####.# #.# #.#
########.# #..@.....#
##.#####o########
#..oS.o.K...#
....o###†##.# #.. #.# #
# #.# ..# ###


You could see an orc priest and an orc.

Vanquished Creatures
  Sigmund (D:4)
  Menkaure (D:4)
  A hound (D:4)
  An iguana (D:4)
  Terence (D:3)
  2 hound skeletons (D:4)
  3 gnolls (D:4)
  5 adders
  3 worms
  3 dart slugs
  5 orcs
  18 bats
  6 endoplasms
  3 giant cockroaches
  4 goblins
  5 hobgoblins
  2 jackals (D:1)
  A quokka (D:4)
  7 ball pythons
  5 frilled lizards
  7 kobolds
  4 rats
88 creatures vanquished.

Vanquished Creatures (others)
  263 foxfires
263 creatures vanquished.

Grand Total: 351 creatures vanquished

Notes
Turn   | Place    | Note
-------+----------+-------------------------------------------
     0 | D:1      | protoss039 the Deep Elf Fire Elementalist began the quest
                  | for the Orb.
     0 | D:1      | Reached XP level 1. HP: 10/10 MP: 6/6
   288 | D:1      | Reached XP level 2. HP: 5/15 MP: 1/8
   989 | D:1      | Found a faded altar of an unknown god.
  1263 | D:2      | Learned a level 2 spell: Scorch
  1318 | D:2      | Reached XP level 3. HP: 19/19 MP: 5/10
  1921 | D:2      | Reached skill level 4 in Spellcasting
  2597 | D:3      | Learned a level 3 spell: Conjure Flame
  2695 | D:3      | Reached XP level 4. HP: 18/24 MP: 8/12
  2810 | D:3      | Found a shimmering blue altar of Sif Muna.
  2818 | D:3      | Became a worshipper of Sif Muna the Loreminder
  2877 | D:3      | Found a burning altar of Makhleb.
  3249 | D:3      | Noticed Terence
  3256 | D:3      | Killed Terence
  3257 | D:3      | Reached skill level 1 in Invocations
  3763 | D:4      | Reached XP level 5. HP: 28/28 MP: 0/13
  3889 | D:4      | Found a transporter.
  3896 | D:4      | Found a transporter.
  3969 | D:4      | Noticed Menkaure
  3974 | D:4      | Killed Menkaure
  3975 | D:4      | Reached skill level 1 in Fighting
  3975 | D:4      | Reached skill level 5 in Spellcasting
  4042 | D:4      | Learned a level 3 spell: Inner Flame
  4046 | D:4      | Reached XP level 6. HP: 34/34 MP: 7/15
  4248 | D:4      | Reached skill level 5 in Fire Magic
  4470 | D:4      | Found a staircase to the Ecumenical Temple.
  4580 | D:4      | Noticed Sigmund
  4586 | D:4      | Killed Sigmund
  4587 | D:4      | Reached skill level 6 in Spellcasting
  4659 | D:4      | Reached * piety under Sif Muna
  4664 | D:4      | Reached XP level 7. HP: 37/39 MP: 6/18
  4811 | D:4      | Found a white marble altar of Elyvilon.
  4949 | D:4      | Killed from afar by an orc priest

Illustrated notes

Levels and vault maps discovered:
D:1:      dpeg_arrival_leaves_temple_mockup, layout_basic,
          shapermc_ecumenical_altar_mp_highgroup,
          amcnicky_mini_rare_corridor_liquid
D:2:      layout_basic
D:3:      layout_rooms, nicolae_sif_muna_little_library, lightli_temple_of_fire,
          uniq_terence
D:4:      gammafunk_steamed_eel, layout_loops_corners,
          overflow_temple_1_default, minmay_temple_entry_water_ring,
          grunt_decor_cap, roderic_batcave, minmay_close_crescents,
          uniq_menkaure, uniq_sigmund

Skill      XL: |  1  2  3  4  5  6  7 |
---------------+----------------------+-----
Stealth        | 3 |  3.0
Dodging        | 3 |  3.0
Spellcasting   | 4 5 6 |  6.3
Fire Magic     | 4 5 |  5.3
Invocations    | 1 2 |  2.6
Fighting       | 1 2 |  2.0
Conjurations   | 2 |  2.1

Action                   |  1- 3 |  4- 6 |  7- 9 || total
-------------------------+-------+-------+-------++-------
Melee: Unarmed           |     1 |       |       ||     1
       Short sword       |    25 |       |       ||    25
       Dagger            |       |     5 |       ||     5
 Cast: Foxfire           |    71 |    66 |    10 ||   147
       Scorch            |    14 |    33 |    12 ||    59
 Stab: Sleeping          |     1 |       |       ||     1
Armor: Robe              |     9 |     7 |     3 ||    19
Dodge: Dodged            |    44 |    21 |     5 ||    70
Block: Other             |       |    11 |     3 ||    14
